Map: Delta Quadrant

Players

TimeTwist - Winner!

  • Race: Zerg Zerg
  • Spawn Location: 1:00

Myran - Winner!

  • Race: Protoss Protoss
  • Spawn Location: 5:00

dallaskuken

  • Race: Protoss Protoss
  • League: Platinum
  • Spawn Location: 11:00

Loken

  • Race: Zerg Zerg
  • League: Platinum
  • Spawn Location: 7:00

VOD

Have the link to the VOD?

Description

Time

  • Played on: March 15, 2017, 8:10 p.m.
  • Length: 11:25
Show
View Real Time Build Order
Export as new Build Order

TimeTwist Zerg - Winner!

Build Orders: Pool First 

Get SALT Encoding   

  12  0:01  Drone  
  13  0:10  Drone  
  14  0:16  Overlord  
  14  0:34  Drone, Extractor  
  14  0:35  Drone x2  
  16  0:49  Spawning Pool  
  15  0:51  Drone  
  16  0:58  Drone  
  17  1:08  Drone  
  18  1:18  Overlord  
  18  1:37  Metabolic Boost  
  18  1:39  Queen, Zergling x2  
  21  1:40  Zergling x2  
  22  1:54  Zergling x2  
  24  2:01  Zergling x2  
  24  2:15  Zergling x2  
  25  2:25  Zergling x2  
  26  2:35  Zergling x2  
  27  2:49  Zergling x6  
  27  2:51  Overlord  
  30  3:02  Overlord  
  30  3:08  Hatchery, Queen  
  31  3:21  Hatchery  
  31  3:22  Drone x4  
  34  3:37  Spore Crawler  
  29  3:53  Zergling x12  
  29  4:12  Baneling Nest  
  28  4:24  Drone x3  
  31  4:39  Drone x4  
  34  4:46  Drone x3  
  34  4:47  Drone  
  33  4:58  Drone, Extractor  
  33  5:00  Spore Crawler  
  33  5:03  Queen  
  34  5:20  Drone  
  34  5:21  Drone  
  36  5:23  Extractor  
  36  5:25  Extractor  
  36  5:26  Queen  
  36  5:27  Zergling x2  
  36  5:28  Zergling x10  
  42  5:30  Drone x2  
  42  5:31  Drone  
  45  5:43  Drone x2  
  47  5:53  Drone x4  
  47  5:54  Drone, Overlord  
  47  5:55  Drone  
  53  6:09  Baneling  
  53  6:10  Baneling x6  
  53  6:11  Baneling x2  
  53  6:12  Zergling x10  
  53  6:13  Zergling x2  
  59  6:24  Zergling x10  
  64  6:30  Zergling x4  
  66  6:33  Overlord  
  65  6:59  Drone x5  
  65  7:00  Drone x4  
  73  7:03  Lair  
  68  7:22  Drone x2  
  64  7:45  Zergling x4  
  64  7:46  Zergling x14  
  64  7:47  Hatchery, Zergling x2  
  64  7:48  Zergling x4  
  72  8:05  Spire  
  66  8:22  Zergling x14  
  66  8:23  Zergling x4  
  71  8:48  Drone x2  
  69  8:57  Zergling x2  
  69  8:58  Zergling x8  
  69  8:59  Zergling x2, Overlord  
  69  9:00  Queen, Overlord  
  77  9:11  Overlord x2  
  77  9:12  Overlord  
  77  9:28  Spine Crawler  
  77  9:29  Spine Crawler  
  77  9:30  Spine Crawler, Mutalisk x7  
  77  9:31  Mutalisk x5  
  87  10:00  Mutalisk  
  87  10:01  Mutalisk x7  
  87  10:05  Extractor  
  101  10:07  Extractor  
  99  10:18  Drone x2  
  99  10:19  Infestation Pit, Drone  
  100  10:44  Drone x2  
  99  10:57  Drone x5  
  99  10:58  Drone x2  
Show
View Real Time Build Order
Export as new Build Order

Myran Protoss - Winner!

Build Orders:  

Get SALT Encoding   

  12  0:01  Probe (Chrono Boost)  
  13  0:11  Probe (Chrono Boost)  
  14  0:23  Pylon  
  14  0:25  Probe (Chrono Boost)  
  15  0:41  Probe (Chrono Boost)  
  16  0:43  Gateway  
  16  0:48  Pylon  
  16  1:02  Probe (Chrono Boost)  
  17  1:09  Assimilator  
  17  1:12  Probe (Chrono Boost)  
  17  1:15  Assimilator  
  18  1:23  Probe (Chrono Boost)  
  19  1:33  Probe (Chrono Boost)  
  19  1:35  Cybernetics Core  
  19  1:37  Zealot  
  22  1:42  Pylon  
  22  1:44  Probe (Chrono Boost)  
  23  1:54  Probe (Chrono Boost)  
  24  2:05  Probe (Chrono Boost)  
  26  2:15  Probe (Chrono Boost)  
  26  2:22  Stargate  
  26  2:25  Pylon  
  26  2:26  Probe (Chrono Boost)  
  27  2:36  Zealot  
  27  2:37  Probe (Chrono Boost)  
  30  2:47  Probe (Chrono Boost)  
  31  3:07  Probe (Chrono Boost)  
  31  3:09  Void Ray  
  36  3:18  Zealot  
  38  3:27  Probe (Chrono Boost)  
  39  3:38  Probe (Chrono Boost)  
  40  3:42  Protoss Air Weapons Level 1  
  40  3:51  Void Ray  
  40  3:52  Pylon, Probe (Chrono Boost)  
  45  4:07  Probe (Chrono Boost)  
  46  4:14  Forge  
  46  4:19  Pylon  
  46  4:22  Probe (Chrono Boost)  
  47  4:28  Void Ray  
  47  5:00  Stargate  
  47  5:03  Probe (Chrono Boost)  
  48  5:17  Void Ray  
  49  5:22  Probe (Chrono Boost)  
  53  5:34  Probe (Chrono Boost)  
  54  5:37  Protoss Air Armor Level 1  
  54  5:39  Nexus  
  54  5:46  Probe (Chrono Boost)  
  55  6:00  Void Ray  
  55  6:40  Phoenix x2  
  59  7:18  Assimilator, Void Ray  
  59  7:23  Assimilator  
  59  7:24  Void Ray  
  59  7:26  Pylon  
  59  7:51  Probe (Chrono Boost)  
  59  7:58  Void Ray  
  60  8:02  Probe (Chrono Boost)  
  66  8:13  Probe (Chrono Boost)  
  66  8:16  Void Ray  
  70  8:38  Zealot  
  72  8:48  Photon Cannon  
  72  8:49  Photon Cannon  
  72  8:53  Photon Cannon  
  72  8:55  Pylon  
  72  8:57  Pylon, Void Ray  
  72  8:58  Pylon, Void Ray  
  72  9:05  Zealot  
  82  9:17  Fleet Beacon  
  82  9:34  Void Ray  
  82  9:35  Void Ray  
  86  10:19  Void Ray x2  
  86  10:53  Stargate  
Show
View Real Time Build Order
Export as new Build Order

dallaskuken Protoss 

Build Orders: Oracle Opening 

Get SALT Encoding   

  12  0:01  Probe (Chrono Boost)  
  13  0:12  Probe (Chrono Boost)  
  14  0:24  Pylon, Probe (Chrono Boost)  
  15  0:42  Probe (Chrono Boost)  
  16  0:49  Gateway  
  16  1:10  Probe (Chrono Boost)  
  17  1:20  Forge  
  17  1:21  Probe (Chrono Boost)  
  17  1:22  Pylon  
  18  1:28  Assimilator  
  18  1:31  Probe (Chrono Boost)  
  19  1:33  Assimilator  
  19  1:36  Zealot  
  21  1:42  Probe (Chrono Boost)  
  22  1:48  Pylon  
  22  1:53  Probe (Chrono Boost)  
  23  2:01  Pylon  
  23  2:03  Probe (Chrono Boost)  
  23  2:07  Cybernetics Core  
  24  2:14  Probe (Chrono Boost)  
  25  2:24  Photon Cannon, Probe (Chrono Boost)  
  26  2:35  Probe (Chrono Boost)  
  27  2:44  Warp Gate  
  27  2:45  Probe (Chrono Boost)  
  28  2:52  Stargate  
  28  2:56  Probe (Chrono Boost)  
  29  3:06  Probe (Chrono Boost)  
  30  3:17  Probe (Chrono Boost)  
  31  3:31  Mothership Core (Chrono Boost)  
  33  3:39  Oracle  
  33  3:41  Nexus  
  33  3:43  Pylon  
  36  4:04  Gateway  
  36  4:06  Gateway  
  36  4:08  Pylon  
  36  4:09  Photon Cannon  
  36  4:20  Probe (Chrono Boost)  
  38  4:32  Probe (Chrono Boost)  
  35  4:54  Phoenix, Probe (Chrono Boost)  
  38  5:05  Probe (Chrono Boost)  
  39  5:10  Stargate  
  39  5:15  Probe (Chrono Boost)  
  39  5:16  Phoenix  
  39  5:20  Probe (Chrono Boost)  
  43  5:26  Probe (Chrono Boost)  
  44  5:32  Probe (Chrono Boost)  
  45  5:35  Photon Cannon  
  45  5:36  Probe (Chrono Boost)  
  45  5:38  Phoenix  
  45  5:40  Pylon  
  49  5:43  Pylon  
  49  5:44  Probe (Chrono Boost)  
  49  5:47  Probe (Chrono Boost)  
  50  5:53  Assimilator  
  50  5:56  Probe (Chrono Boost)  
  51  5:57  Assimilator  
  51  5:59  Phoenix  
  51  6:00  Photon Cannon  
  51  6:02  Pylon  
  53  6:08  Probe (Chrono Boost)  
  54  6:17  Phoenix  
  56  6:21  Phoenix  
  52  6:42  Phoenix  
  52  6:43  Phoenix  
  56  7:07  Phoenix  
  58  7:10  Phoenix  
  60  7:32  Phoenix  
  60  8:21  Fleet Beacon  
  41  9:00  Zealot x3  
  47  9:04  Probe (Chrono Boost)  
  48  9:14  Probe (Chrono Boost)  
  49  9:23  Pylon  
  50  9:25  Pylon, Probe x2 (Chrono Boost)  
  50  9:30  Photon Cannon  
  51  9:32  Photon Cannon  
  51  9:34  Pylon  
  51  9:35  Probe (Chrono Boost)  
  51  9:36  Pylon  
  51  9:37  Probe (Chrono Boost)  
  52  9:46  Probe (Chrono Boost)  
  52  9:49  Probe (Chrono Boost)  
  53  10:01  Probe (Chrono Boost)  
  47  10:13  Probe (Chrono Boost)  
  40  10:29  Pylon  
  40  10:31  Pylon  
  52  10:54  Stalker x3  
Show
View Real Time Build Order
Export as new Build Order

Loken Zerg 

Build Orders: Hatch First 

Get SALT Encoding   

  12  0:01  Drone  
  13  0:09  Drone  
  14  0:16  Overlord  
  14  0:36  Drone x2  
  14  0:37  Drone  
  17  0:55  Hatchery  
  16  1:01  Drone x2  
  18  1:15  Spawning Pool  
  18  1:16  Drone  
  18  1:26  Extractor  
  18  1:28  Overlord  
  17  1:37  Drone  
  19  1:47  Drone  
  19  1:54  Drone  
  20  2:04  Queen, Zergling x2  
  20  2:07  Queen  
  25  2:12  Drone  
  25  2:14  Drone  
  27  2:19  Zergling x2  
  28  2:24  Zergling x2  
  29  2:34  Metabolic Boost  
  29  2:35  Overlord  
  29  2:49  Zergling x4  
  29  2:51  Drone x2  
  33  2:57  Extractor  
  31  3:03  Zergling x2  
  31  3:04  Zergling x2  
  33  3:10  Drone  
  34  3:14  Spine Crawler  
  34  3:18  Spine Crawler  
  32  3:26  Zergling x2  
  32  3:27  Zergling x12  
  39  3:33  Queen  
  41  3:34  Queen  
  41  3:37  Overlord  
  28  4:00  Drone x4  
  32  4:08  Queen  
  34  4:10  Drone x3  
  34  4:16  Drone x2  
  39  4:35  Zergling x2  
  39  4:36  Zergling x14  
  41  4:57  Queen, Spore Crawler  
  42  5:18  Roach Warren  
  41  5:24  Zergling x18  
  50  5:38  Lair  
  50  6:18  Overlord x4  
  50  6:19  Overlord x2  
  50  6:41  Zergling x2  
  50  6:42  Zergling x18  
  55  7:01  Roach x2  
  36  7:28  Roach  
  36  7:30  Overlord x5  
  36  7:42  Spire  
  35  7:47  Roach  
  32  7:52  Roach  
  32  7:53  Roach x5  
  37  8:05  Roach x4  
  38  8:25  Drone  
  38  8:26  Drone x4  
  43  8:35  Drone  
  44  9:12  Extractor x2  
  44  9:14  Mutalisk x6  
  54  9:20  Drone x6  
  54  9:21  Drone  
  37  10:14  Drone  
  37  10:15  Drone x10  
  29  10:38  Drone  
  29  10:39  Drone  
  20  11:04  Drone  
Tags
 
Add a new tag
Caveats
  • Supply blocks, unpowered buildings, or Contaminate may cause inaccurate times.
  • Supply counts are checked every 10 seconds.